 Dungeon Crawl Stone Soup version 0.17-a0-1421-g95311d7 (webtiles) character file.

194 Gorice the Sneak (level 5, 0/36 HPs)
             Began as an Octopode Wanderer on June 24, 2015.
             Slain by an adder (2 damage)
             ... on level 4 of the Dungeon.
             The game lasted 00:13:56 (2955 turns).

Gorice the Sneak (Octopode Wanderer)                Turns: 2955, Time: 00:13:56

Health: 0/36       AC:  1    Str: 11    XL:     5   Next: 73%
Magic:  6/6        EV: 12    Int: 15    God:
Gold:   174        SH:  0    Dex: 12    Spells: 1 memorised, 4 levels left

rFire  . . .     SeeInvis .     a - +1 spear
rCold  . . .     Clarity  .     (no shield)
rNeg   . . .     SustAt   .     (helmet restricted)
rPois  .         Gourm    .     (no amulet)
rElec  .         Spirit   .     (no ring)
rCorr  .         Warding  .     (no ring)
rMut   .         Stasis   .     (no ring)
MR     .....                    (no ring)
Stlth  +++++.....               (no ring)
                                (no ring)
                                (no ring)
                                (no ring)

@: lethally poisoned (0 -> -4), not resistant to hostile enchantments, quite
stealthy
A: almost no armour, amphibious, 8 rings, constrict 8, camouflage 1, gelatinous
body 1
a: no special abilities


You were on level 4 of the Dungeon.
You were not hungry.

You visited 1 branch of the dungeon, and saw 4 of its levels.

You collected 174 gold pieces.

Inventory:

Hand weapons
 a - a +1 spear (weapon)
 c - a +2 dagger
 l - a +0 hunting sling
Missiles
 m - 9 sling bullets
 o - 22 bolts
 q - 19 poisoned needles
 r - 10 bolts of flame
 s - 13 tomahawks (quivered)
 y - 13 bolts of frost
 Z - 48 stones
Magical staves
 t - an uncursed staff of summoning
Scrolls
 b - 2 scrolls of blinking
 h - a scroll of remove curse
 k - a scroll of amnesia
 v - a scroll of magic mapping {unknown}
 w - a scroll of random uselessness {unknown}
Potions
 f - a potion of agility {!q}
 i - a potion of lignification {unknown}
 j - a potion of brilliance {unknown}
 p - a potion of resistance {unknown}
Books
 x - a book of Cantrips
 A - a book of Flames
Comestibles
 d - a chunk of flesh
 e - 4 bread rations {!e}
 n - a royal jelly
 u - a meat ration {!e}


   Skills:
 + Level 3.5 Fighting
 - Level 3.3 Polearms
 - Level 2.0 Dodging
 - Level 6.6 Stealth
 + Level 0.6 Spellcasting
 * Level 1.3 Conjurations
 * Level 1.4 Fire Magic
   Level 1.1 Evocations


You had 4 spell levels left.
You knew the following spells:

 Your Spells              Type           Power        Failure   Level  Hunger
a - Flame Tongue          Conj/Fire      #....        14%         1    ##.....


Dungeon Overview and Level Annotations

Branches:
Dungeon (4/15)
 Temple: D:4-7

Altars:
Elyvilon
Okawaru
Trog
Xom


Innate Abilities, Weirdness & Mutations

You cannot wear most types of armour.
You are amphibious.
You can wear up to eight rings at the same time.
You can use your tentacles to constrict eight enemies at once.
Your skin changes colour to match your surroundings (Stealth).
Your rubbery body absorbs attacks (AC +1).


Message History

Your Conjurations skill increases to level 1!
Your Fire Magic skill increases to level 1!
The adder bites you.
You are more poisoned.
The adder poisons you! The rat barely misses you.
Damage: 1 (max 4)
You feel sick.
Damage: 1 (max 4)
You feel sick. The adder bites you.
Damage: 5 (max 5)
You feel sick.
Damage: 1 (max 5)
You feel sick.
Damage: 1 (max 5)
You feel sick. The adder bites you but does no damage.
Damage: 1 (max 5)
You feel sick.
You feel sick.
Damage: 1 (max 5)
The adder bites you.
You are more poisoned.
The adder poisons you!
Damage: 4 (max 5)
You feel sick.
Damage: 1 (max 5)
You feel sick.
Damage: 1 (max 5)
You feel sick. The adder barely misses you.
Damage: 1 (max 5)
A giant cockroach comes into view.
You feel sick.
Damage: 1 (max 5)
The adder bites you.
* * * LOW HITPOINT WARNING * * *
Damage: 2 (max 5)
A giant gecko skeleton comes into view.
* * * LOW HITPOINT WARNING * * *
You feel sick.
Damage: 1 (max 5)
* * * LOW HITPOINT WARNING * * *
You feel sick.
Damage: 1 (max 5)
The adder barely misses you.
* * * LOW HITPOINT WARNING * * *
You feel sick. The adder misses you.
Damage: 1 (max 5) Drink which item? (? for menu, Esc to quit)
It was a potion of cancellation.
You feel magically purged. The adder bites you.
You die...

######.#####.......#
#...........[......##
....................#
..###.r###.........#
#..#...........##
..###..###..........#
.........Z...##......# #
#..###..#S#......#...#
#....#.#..#@#............
###..#.#..###..##........#
...............##>####...#
###..#.#..#.#..##.# .... #
#..#.#..#.#..#..#
#.###..###..###..#
#................#
##...#####.......#
#.###.## ####.####


You could see an adder and a giant gecko skeleton.

Vanquished Creatures
  A scorpion (D:4)
  A worker ant (D:4)
  A hound skeleton (D:4)
  4 adders (D:2)
  A worm (D:2)
  4 giant geckos
  7 orcs (D:3)
  6 bats
  4 giant cockroaches
  11 goblins
  2 hobgoblins
  5 jackals
  7 kobolds
  A quokka (D:3)
  5 giant newts
  4 rats
64 creatures vanquished.

Notes
Turn   | Place    | Note
--------------------------------------------------------------
     0 | D:1      | Gorice the Octopode Wanderer began the quest for the Orb.
     0 | D:1      | Gorice set off with: a +2 dagger, a scroll of blinking, a +0 spear, a potion of curing, a bread ration {!e}
     0 | D:1      | Reached XP level 1. HP: 14/14 MP: 1/1
    90 | D:1      | Found a shimmering altar of Xom.
   125 | D:1      | Reached XP level 2. HP: 20/20 MP: 2/2
   217 | D:1      | Reached skill level 1 in Polearms
   781 | D:2      | Reached XP level 3. HP: 22/25 MP: 3/3
   797 | D:2      | Reached skill level 2 in Polearms
  1158 | D:2      | Reached skill level 3 in Fighting
  1158 | D:2      | Reached XP level 4. HP: 15/31 MP: 4/4
  1323 | D:2      | Reached skill level 3 in Polearms
  2070 | D:3      | Found an iron altar of Okawaru.
  2072 | D:3      | Found a white marble altar of Elyvilon.
  2074 | D:3      | Found a bloodstained altar of Trog.
  2454 | D:3      | Learned a level 1 spell: Flame Tongue
  2756 | D:4      | Reached XP level 5. HP: 13/36 MP: 5/5
  2935 | D:4      | Reached skill level 1 in Conjurations
  2935 | D:4      | Reached skill level 1 in Fire Magic
  2945 | D:4      | HP: 10/36 [poisoned by an adder]
  2950 | D:4      | HP: 4/36 [poisoned by an adder]
  2955 | D:4      | Slain by an adder

Vault maps used:
D:1:      minmay_arrival_stair_chambers, xom_teletrap_fun
D:3:      gammafunk_temple_overflow_forgotten
D:4:      minmay_temple_entry_overgrown, first_bread, minmay_misc_feat_cross,
          minmay_misc_feat_nine_boxes

Action                   |  1- 3 |  4- 6 || total
-------------------------+-------+-------++-------
Melee: Spear             |   103 |    74 ||   177
Throw: Tomahawk          |     2 |    19 ||    21
  Use: Scroll            |     6 |     2 ||     8
       Potion            |       |     2 ||     2
 Stab: Sleeping          |    18 |    10 ||    28
       Distracted        |       |     1 ||     1
  Eat: Chunk             |     1 |     5 ||     6

Table legend:
 A = Turns spent in this place as a percentage of turns spent in the entire game.
 B = Non-inter-level travel turns spent in this place as a percentage of non-inter-level travel turns spent in the entire game.
 C = Inter-level travel turns spent in this place as a percentage of turns spent in this place.
 D = Turns resting spent in this place as a percentage of non-inter-level travel turns spent in this place.
 E = Turns spent auto-exploring this place as a percentage of non-inter-level travel turns spent in this place.
 F = Non-inter-level travel turns spent in this place divided by the number of levels of this place that you've seen.
                   A       B       C       D       E      F
               +-------+-------+-------+-------+-------+----------------------
         Total | 100.0 | 100.0 |   0.3 |   1.7 |   4.6 | 285.5
       Dungeon | 100.0 | 100.0 |   0.3 |   1.7 |   4.6 | 285.5
               +-------+-------+-------+-------+-------+----------------------

Vault maps used:
D:1:      minmay_arrival_stair_chambers, xom_teletrap_fun
D:3:      gammafunk_temple_overflow_forgotten
D:4:      minmay_temple_entry_overgrown, first_bread, minmay_misc_feat_cross,
          minmay_misc_feat_nine_boxes
